 Dungeon Crawl Stone Soup version 0.16-a0-4111-gf762223 (console) character file.

14347 MarvinPA the Slicer (level 11, -1/60 HPs)
             Began as a Spriggan Necromancer on Feb 25, 2015.
             Was an Initiate of Gozag.
             Slain by a komodo dragon (27 damage)
             ... on level 3 of the Lair of Beasts on Feb 26, 2015.
             The game lasted 00:53:51 (16264 turns).

MarvinPA the Slicer (Spriggan Necromancer)         Turns: 16264, Time: 00:53:51

Health: -1/60      AC: 10    Str:  4    XL:     11   Next: 87%
Magic:  25/31      EV: 27    Int: 17    God:    Gozag
Gold:   1919       SH:  0    Dex: 20    Spells: 4 memorised, 16 levels left

rFire  . . .     SeeInvis +     a - +5 long sword
rCold  . . .     Clarity  .     l - +2 robe
rNeg   + . .     SustAb   .     (shield restricted)
rPois  +         Gourm    .     e - +0 mask of the Dragon {MR+ Slay+3 SInv}
rElec  .         Spirit   .     A - +2 cloak
rCorr  .         Warding  +     (gloves unavailable)
rMut   .         Stasis   .     (boots unavailable)
MR     ++...                    y - amulet of warding
Stlth  ++++......               t - ring of poison resistance
                                o - +3 ring of protection

@: very quick, very resistant to hostile enchantments, stealthy
A: unfitting armour, see invisible, herbivore 3, speed 3, slow metabolism 2
a: Potion Petition, Call Merchant, Bribe Branch, Renounce Religion


You were on level 3 of the Lair of Beasts.
You worshipped Gozag.
Gozag was noncommittal.
You were not hungry.

You visited 3 branches of the dungeon, and saw 15 of its levels.
You also visited: Ossuary, Bailey and Ice Cave.

You collected 2460 gold pieces.
You spent 447 gold pieces at shops.
You paid 94 gold pieces to Gozag.


Innate Abilities, Weirdness & Mutations

You are tiny and cannot use many weapons and most armour.
You have supernaturally acute eyesight.
You are a herbivore.
You cover ground extremely quickly.
You need consume almost no food.


   Skills:
 - Level 8.1 Fighting
 - Level 12.0 Short Blades
 - Level 9.4 Dodging
 - Level 6.1 Stealth
 + Level 8.5 Spellcasting
 - Level 5.0 Charms
 + Level 7.3 Necromancy


You had 16 spell levels left.
You knew the following spells:

 Your Spells              Type           Power        Failure   Level  Hunger
g - Regeneration          Chrm/Necr      ####......   2%          3    #......
x - Vampiric Draining     Necr           ####......   1%          3    #......
z - Pain                  Necr           ####         1%          1    None
Z - Control Undead        Necr           ####......   6%          4    ###....

Inventory:

Hand weapons
 a - a +5 long sword (weapon)
 b - a +0 short sword of protection
Missiles
 H - 2 throwing nets {=f}
Armour
 e - the +0 mask of the Dragon (worn) {MR+ Slay+3 SInv}
   (You found it on level 8 of the Dungeon)

   It affects your accuracy and damage with ranged weapons and melee attacks
   (+3).
   It affects your resistance to hostile enchantments.
   It enhances your eyesight.
 l - a +2 robe (worn)
 A - a +2 cloak (worn)
Magical staves
 w - a staff of wizardry {!a}
Jewellery
 d - a ring of protection from fire
 j - a ring of teleportation
 o - a +3 ring of protection (left hand)
 t - a ring of poison resistance (right hand)
 y - an amulet of warding (around neck)
 F - a ring of sustain abilities
Magical devices
 f - a wand of draining (3)
 i - a wand of enslavement (12)
 x - a wand of disintegration (8)
 B - a wand of paralysis (6)
Scrolls
 m - 8 scrolls of remove curse
 p - a scroll of enchant armour
 q - a scroll of enchant weapon
 u - 2 scrolls of identify {@r1}
 v - a scroll of magic mapping
 C - 2 scrolls of teleportation {@r4}
 D - 4 scrolls of fear
 E - a scroll of immolation {!r}
Potions
 g - 2 potions of lignification {!q}
 k - 3 potions of ambrosia {!q}
 n - 2 potions of resistance
 r - a potion of invisibility
 s - 5 potions of might
 G - a potion of haste {@q3}
 J - 4 potions of heal wounds {@q2}
 K - 2 potions of curing {@q1}
 L - a potion of cancellation
Books
 z - an Akashic Record {highlevel}
Comestibles
 c - 7 bread rations
 h - 10 royal jellies

Dungeon Overview and Level Annotations

Branches:
Dungeon (11/15)            Temple (1/1) D:4            Lair (3/8) D:11
    Orc (0/4) D:11
  Swamp: Lair:3-6    Shoals: Lair:3-6     Snake: Lair:3-6    Spider: Lair:3-6

Altars:
Ashenzari
Cheibriados
Dithmenos
Elyvilon
Fedhas
Gozag
Kikubaaqudgha
Makhleb
Nemelex Xobeh
Okawaru
Qazlal
Ru
Sif Muna
Trog
Vehumet
Xom
Yredelemnul
Zin
The Shining One

Shops:
D:9 * D:10

* ##. .. .... #.. £
.....###..#
P.....#.#..##
............##
.........#...##.
...#....l.....(....
#.......i...........
#....................
.....##P...#..........
.##.
#...##♣♣P.♣.......
##..##..#.♣♣P.........
#P.......PPP.P.......
##..........P♣.......
###.....♣♣.♣♣.......
#....###...........


You could see a komodo dragon.


Message History

The komodo dragon convulses in agony!
Unknown command.
You completely miss the komodo dragon.
The komodo dragon is lightly wounded.
The komodo dragon bites you!
You hit the komodo dragon but do no damage.
The komodo dragon is lightly wounded.
The komodo dragon completely misses you.
You barely miss the komodo dragon.
The komodo dragon is lightly wounded.
The komodo dragon barely misses you.
Aiming: Vampiric Draining
Aim: a komodo dragon (lightly wounded)
The komodo dragon is moderately wounded.
You feel life coursing into your body.
The komodo dragon completely misses you.
Unknown command.
You hit the komodo dragon but do no damage.
The komodo dragon is moderately wounded.
The komodo dragon bites you!
You closely miss the komodo dragon.
The komodo dragon is moderately wounded.
The komodo dragon bites you!!
* * * LOW HITPOINT WARNING * * *
Aiming: Vampiric Draining
Aim: a komodo dragon (moderately wounded)
The komodo dragon is heavily wounded.
You feel life coursing into your body. The komodo dragon bites you!!
You die...
Your body crumbles into a pile of gold.

Action                   |  1- 3 |  4- 6 |  7- 9 | 10-12 || total
-------------------------+-------+-------+-------+-------++-------
Melee: Unarmed           |     1 |       |       |       ||     1
       Short sword       |       |   129 |   207 |    25 ||   361
       Long sword        |       |       |   107 |   382 ||   489
 Cast: Pain              |    72 |   117 |   287 |   195 ||   671
       Vampiric Draining |     6 |    24 |    52 |    84 ||   166
       Regeneration      |       |     1 |     8 |    16 ||    25
       Control Undead    |       |       |     7 |     8 ||    15
Invok: Potion Petition   |       |       |       |     1 ||     1
Evoke: Wand              |       |       |     5 |     8 ||    13
  Use: Scroll            |       |     1 |    23 |     7 ||    31
       Potion            |       |       |     3 |     1 ||     4
 Stab: Sleeping          |       |     1 |    11 |     4 ||    16
       Betrayed ally     |       |       |     1 |       ||     1
       Paralysed         |       |       |       |     7 ||     7
       Invisible         |       |       |       |     3 ||     3
  Eat: Bread ration      |       |     1 |     2 |     1 ||     4
       Fruit             |       |     3 |     2 |       ||     5
       Pizza             |       |       |       |     1 ||     1

Vault maps used:
D:1:      saegor_arrival_simple_e, minmay_statues_item,
          hangedman_abyss_or_decor_lesser_grid
D:3:      minmay_misc_feat_doors, uniq_terence, uniq_crazy_yiuf_cottage
D:4:      grunt_temple_overflow_order_and_chaos_2, temple_doors_a, uniq_pikel
D:5:      first_bread, led_sif_pool, uniq_iyjb
D:7:      grunt_ogre_cave, uniq_menkaure, uniq_duvessa
D:8:      statuecave_lemuel, nicolae_overflow_hidden_temple,
          nicolae_ossuary_entry_plus
D:9:      serial_shops, shop, statue_in_the_mist_lemuel
D:10:     serial_shops, shop, enter_bailey_3
D:11:     erik_lair_boring, special_room, portal_ice_cave_entry_pillars_01
Temple:   eino_wide_crystal_templ_15
Lair:1:   infiniplex_staircase_pool
Lair:3:   spider_nest_entry_web_field, serial_forest,
          infiniplex_forest_clump_diagonal, infiniplex_forest_corner_1,
          infiniplex_forest_clump_long, infiniplex_forest_corner_1,
          infiniplex_forest_end_2, infiniplex_forest_clump_small,
          infiniplex_forest_lined_ring, infiniplex_forest_lined_room_2
Ossuary:  ossuary_tomb_1
Bailey:   bailey_polearm_1, bailey
IceCv:    ice_cave_tombish

Notes
Turn   | Place    | Note
--------------------------------------------------------------
     0 | D:1      | MarvinPA, the Spriggan Necromancer, began the quest for the Orb.
     0 | D:1      | Reached XP level 1. HP: 9/9 MP: 4/4
   238 | D:1      | Reached skill level 3 in Spellcasting
   238 | D:1      | Reached XP level 2. HP: 4/13 MP: 3/8
   716 | D:1      | Reached skill level 4 in Necromancy
   903 | D:1      | Reached XP level 3. HP: 4/16 MP: 0/11
  1790 | D:2      | Learned a level 3 spell: Vampiric Draining
  1794 | D:2      | Learned a level 3 spell: Regeneration
  1822 | D:2      | Reached skill level 4 in Spellcasting
  1976 | D:1      | Reached XP level 4. HP: 18/21 MP: 0/15
  2711 | D:2      | Reached XP level 5. HP: 17/24 MP: 13/18
  2787 | D:2      | Reached skill level 5 in Necromancy
  3122 | D:3      | Noticed Terence
  3142 | D:3      | Killed Terence
  3307 | D:3      | Reached skill level 5 in Spellcasting
  3925 | D:3      | Noticed Crazy Yiuf
  3959 | D:3      | Killed Crazy Yiuf
  4153 | D:3      | Reached XP level 6. HP: 28/28 MP: 14/21
  4220 | D:4      | Found a burning altar of Makhleb.
  4227 | D:4      | Found a glowing silver altar of Zin.
  4227 | D:4      | Noticed an angel
  4227 | D:4      | Noticed a blizzard demon
  4335 | D:4      | Reached skill level 6 in Spellcasting
  4347 | D:4      | Reached skill level 6 in Necromancy
  4648 | D:4      | Reached skill level 1 in Fighting
  4648 | D:4      | Reached skill level 1 in Short Blades
  4648 | D:4      | Reached XP level 7. HP: 18/33 MP: 17/24
  4658 | D:4      | Reached skill level 2 in Short Blades
  4661 | D:4      | HP: 3/33 [killer bee (5)]
  4662 | D:4      | HP: 1/33 [killer bee (7)]
  4667 | D:4      | HP: 1/33 [killer bee (3)]
  4801 | D:4      | Reached skill level 2 in Fighting
  4999 | D:4      | Noticed a slave
  5001 | D:4      | Noticed a slave
  5001 | D:4      | Noticed a slave
  5015 | D:4      | Noticed a slave
  5016 | D:4      | Noticed Pikel
  5024 | D:4      | Killed a slave
  5030 | D:4      | Killed Pikel
  5030 | D:4      | Reached skill level 3 in Fighting
  5030 | D:4      | Reached skill level 4 in Short Blades
  5030 | D:4      | Reached XP level 8. HP: 25/41 MP: 11/25
  5209 | D:4      | Reached skill level 5 in Short Blades
  5249 | D:4      | Found a staircase to the Ecumenical Temple.
  5279 | Temple   | Entered the Ecumenical Temple
  5391 | Temple   | Became a worshipper of Gozag Ym Sagoz the Greedy
  5486 | D:4      | Reached skill level 4 in Fighting
  5515 | D:5      | Entered Level 5 of the Dungeon
  5931 | D:5      | Reached skill level 6 in Short Blades
  6054 | D:5      | Noticed Ijyb
  6068 | D:5      | Killed Ijyb
  6181 | D:5      | Learned a level 4 spell: Control Undead
  6300 | D:5      | Reached skill level 4 in Stealth
  6487 | D:5      | Reached skill level 4 in Dodging
  6515 | D:5      | Found a deep blue altar of Sif Muna.
  6719 | D:6      | Reached skill level 5 in Stealth
  6729 | D:6      | Reached skill level 5 in Dodging
  7173 | D:6      | Reached skill level 6 in Stealth
  7173 | D:6      | Reached XP level 9. HP: 42/46 MP: 22/27
  7499 | D:7      | Reached skill level 1 in Charms
  7627 | D:7      | Reached skill level 2 in Charms
  7657 | D:7      | Noticed Menkaure
  7696 | D:7      | Killed Menkaure
  7696 | D:7      | Reached skill level 3 in Charms
  8040 | D:7      | Noticed Dowan
  8041 | D:7      | Noticed Duvessa
  8066 | D:7      | Killed Duvessa
  8077 | D:7      | Killed Dowan
  8151 | D:7      | Reached skill level 7 in Spellcasting
  8402 | D:7      | Reached skill level 7 in Necromancy
  8689 | D:8      | Found a sand-covered staircase.
  8697 | Ossuary  | Entered an ossuary
  8812 | Ossuary  | Reached skill level 4 in Charms
  8947 | D:8      | Found a shattered altar of Ashenzari.
  8948 | D:8      | Found a sacrificial altar of Ru.
  8997 | D:8      | good
  9102 | D:8      | Reached skill level 5 in Charms
  9249 | D:8      | Reached skill level 8 in Spellcasting
  9465 | D:8      | Reached skill level 6 in Dodging
  9599 | D:9      | Found Sucih's Assorted Antiques.
  9604 | D:9      | Bought a long silver wand for 72 gold pieces
  9604 | D:9      | Bought a scroll of identify for 36 gold pieces
  9604 | D:9      | Bought a scroll of enchant armour for 135 gold pieces
  9604 | D:9      | Bought a potion of heal wounds for 90 gold pieces
  9604 | D:9      | Bought a forked iron wand for 72 gold pieces
 10206 | D:10     | Entered Level 10 of the Dungeon
 10214 | D:10     | Noticed Vidiiot's ghost (experienced MfCK)
 10231 | D:10     | Found a flagged portal.
 10311 | Bailey   | Entered a bailey
 10385 | Bailey   | Reached skill level 7 in Dodging
 10515 | Bailey   | Noticed an orc knight
 10657 | Bailey   | Noticed an orc knight
 10658 | Bailey   | Noticed an orc knight
 10678 | Bailey   | Killed an orc knight
 10678 | Bailey   | Reached skill level 7 in Short Blades
 10678 | Bailey   | Reached XP level 10. HP: 32/51 MP: 12/29
 10807 | Bailey   | Killed an orc knight
 10807 | Bailey   | Reached skill level 8 in Dodging
 10917 | Bailey   | Reached skill level 8 in Short Blades
 11090 | Bailey   | Killed an orc knight
 11090 | Bailey   | Reached skill level 9 in Dodging
 11972 | D:10     | Found Braixiat's General Store.
 11976 | D:10     | Bought a potion of mutation for 42 gold pieces
 12178 | D:10     | Killed Vidiiot's ghost
 12178 | D:10     | Reached skill level 5 in Fighting
 12178 | D:10     | Reached skill level 9 in Short Blades
 12421 | D:11     | Found a frozen archway.
 12507 | IceCv    | Entered an ice cave
 12518 | IceCv    | Noticed an ice statue
 12518 | IceCv    | Noticed an ice statue
 12872 | IceCv    | Killed an ice statue
 12943 | IceCv    | Killed an ice statue
 12943 | IceCv    | Reached skill level 6 in Fighting
 12943 | IceCv    | Reached skill level 10 in Short Blades
 12943 | IceCv    | Reached XP level 11. HP: 41/56 MP: 8/31
 13024 | IceCv    | Identified 2 potions of resistance
 13054 | IceCv    | Noticed an ice devil
 13100 | IceCv    | Noticed an ice statue
 13654 | D:11     | ow
 13902 | D:11     | Found a staircase to the Lair.
 14187 | D:11     | Found a staircase to the Orcish Mines.
 14310 | D:11     | Reached skill level 7 in Fighting
 14344 | D:11     | Reached skill level 11 in Short Blades
 14628 | D:11     | Upgraded the game from 0.16-a0-4099-g0be755f to 0.16-a0-4111-gf762223
 14629 | Lair:1   | Entered Level 1 of the Lair of Beasts
 15417 | Lair:2   | Reached skill level 8 in Fighting
 15726 | Lair:2   | Reached skill level 12 in Short Blades
 16264 | Lair:3   | Slain by a komodo dragon

Vanquished Creatures
  The ghost of Vidiiot the Spear-Bearer, an experienced MfCK of Okawaru (D:10)
  2 ice statues (IceCv)
  Pikel (D:4)
  3 orc knights (Bailey)
  A black mamba (D:11)
  A spiny frog (Lair:2)
  2 gargoyles (D:11)
  2 komodo dragons (Lair:2)
  A queen bee (D:11)
  4 blue devils
  2 basilisks
  8 yaks
  A wyvern (D:11)
  Menkaure (D:7)
  A porcupine (Lair:1)
  A slave (D:4)
  5 water moccasins
  4 ogres
  11 ice beasts
  5 orc warriors
  A black bear (D:8)
  2 centaurs (D:10)
  2 necrophages
  Duvessa (D:7)
  3 boring beetles (D:11)
  A crocodile (Lair:2)
  4 giant frogs
  2 scorpions
  29 killer bees
  2 wights (D:7)
  An electric eel (D:8)
  Dowan (D:7)
  A crimson imp (D:6)
  3 jellies
  5 orc priests
  A human zombie (Ossuary)
  2 centaur zombies (Ossuary)
  2 goliath beetles
  Crazy Yiuf (D:3)
  4 centaur skeletons
  11 hounds
  A giant frog skeleton (D:10)
  11 worker ants
  5 iguanas
  A big kobold zombie (Ossuary)
  Ijyb (D:5)
  A hound skeleton (D:6)
  Terence (D:3)
  2 mummies (Ossuary)
  3 worker ant zombies
  An ogre simulacrum (IceCv)
  13 adders
  5 gnolls
  10 river rats (Lair:2)
  2 shadow imps
  A giant mite (D:4)
  5 worms
  2 adder skeletons
  4 giant geckos
  39 orcs
  13 bats
  A bat skeleton (D:8)
  14 goblins
  25 hobgoblins
  15 jackals
  22 kobolds
  5 quokkas
  2 ball pythons
  5 giant cockroaches
  2 giant newts
  A goblin zombie (Ossuary)
  11 hobgoblin zombies (Ossuary)
  A jackal zombie (Ossuary)
  5 kobold zombies (Ossuary)
  9 orc zombies (Ossuary)
  A quokka zombie (D:8)
  16 rats
  2 ballistomycetes (D:9)
  2 fungi (D:3)
396 creatures vanquished.

Vanquished Creatures (collateral kills)
  An orc warrior (D:10)
  An elf zombie (Ossuary)
  A scorpion (D:7)
  A wight (D:7)
  An orc wizard (D:10)
  2 adder zombies (Ossuary)
  An orc (D:7)
  A bat (D:7)
  A hobgoblin (D:7)
  A goblin (D:10)
  A goblin zombie (Ossuary)
  A jackal zombie (Ossuary)
  An orc zombie (Ossuary)
14 creatures vanquished.

Vanquished Creatures (others)
  A giant spore (D:9)
1 creature vanquished.

Grand Total: 411 creatures vanquished
